 Dungeon Crawl Stone Soup version 0.23.1 (webtiles) character file.

Game seed: 9882577591504022114

42 dhn the Magician (level 3, 0/14 HPs)
             Began as a Felid Wizard on Mar 17, 2019.
             Killed by nerve-wracking pain
             ... invoked by Jessica
              (14 damage)
             ... on level 2 of the Dungeon.
             The game lasted 00:04:46 (2891 turns).

dhn the Magician (Felid Wizard)                     Turns: 2891, Time: 00:04:47

Health: 0/14       AC:  1    Str:  3    XL:     3   Next: 33%
Magic:  5/9        EV: 18    Int: 20    God:
Gold:   107        SH:  0    Dex: 14    Spells: 8/9 levels left
                                        Lives:  0   Deaths: 0

rFire    . . .     SeeInvis +   (weapon unavailable)
rCold    . . .     Gourm    .   (shield unavailable)
rNeg     . . .     Faith    .   (armour unavailable)
rPois    .         Spirit   .   (helmet unavailable)
rElec    .         Reflect  .   (cloak unavailable)
rCorr    .         Harm     .   (gloves unavailable)
MR       .....                  (boots unavailable)
Stlth    +++.......             (no amulet)
HPRegen  0.04/turn              (no ring)
MPRegen  0.11/turn              (no ring)

@: very slightly contaminated, quick
A: very small, no armour, no weapons or thrown items, stealth, claws 1, fangs 3,
see invisible, carnivore, speed 1, shaggy fur 1, slow metabolism 1, sharp paws
a: no special abilities


You were on level 2 of the Dungeon.
You were not hungry.

You visited 1 branch of the dungeon, and saw 2 of its levels.

You collected 107 gold pieces.

Inventory:

Jewellery
 c - an uncursed ring of positive energy {unknown}
Scrolls
 a - a scroll of remove curse {unknown}
 d - a scroll of enchant armour {unknown}
 e - 2 scrolls of identify {unknown}
 f - 3 scrolls of enchant weapon {unknown}
 h - a scroll of magic mapping {unknown}
Potions
 g - a potion of mutation {unknown}
 i - a potion of flight {unknown}
Comestibles
 b - 3 rations


   Skills:
 + Level 3.4 Dodging
 + Level 3.3 Stealth
 + Level 0.1 Unarmed Combat
 + Level 3.6 Spellcasting
 + Level 1.0 Conjurations
   Level 1.0 Summonings
   Level 1.5 Translocations


You had 8 spell levels left.
You knew the following spells:

 Your Spells              Type           Power        Failure   Level  Hunger
a - Magic Dart            Conj           #...         9%          1    None

Your spell library contained the following spells:

 Spells                   Type           Power        Failure   Level  Hunger
 Blink                    Tloc           N/A          11%         2    ##.....
 Call Imp                 Summ           #.......     13%         2    ##.....
 Slow                     Hex            #.......     21%         2    ##.....
 Conjure Flame            Conj/Fire      #.......     32%         3    ###....
 Mephitic Cloud           Conj/Pois/Air  #.......     34%         3    ###....


Dungeon Overview and Level Annotations

Branches:
Dungeon (2/15)

Altars:
Makhleb

Annotations:
D:2 Jessica


Innate Abilities, Weirdness & Mutations

You cannot wear armour.
You are incapable of wielding weapons or throwing items.
Your paws allow you to move quietly. (Stealth)
You have sharp claws.
You have razor-sharp teeth.
You have supernaturally acute eyesight. (SInv)
You are carnivorous and can eat meat at any time.
You cover ground quickly.
You are covered in fur. (AC +1)
You have a slow metabolism.
Your sharp claws are effective at attacking unaware monsters.


Message History

Casting: Magic Dart (safe; 9% risk of failure)
Confirm with . or Enter, or press ? or * to list all spells.
Aiming: Magic Dart (safe; 9% risk of failure)
Press: ? - help, Shift-Dir - straight line, f/p - Jessica
Aim: Jessica, wielding a +0 club and wearing a +0 robe The magic dart hits Jessica but does no damage.
Casting: Magic Dart (safe; 9% risk of failure)
Confirm with . or Enter, or press ? or * to list all spells.
Aiming: Magic Dart (safe; 9% risk of failure)
Press: ? - help, Shift-Dir - straight line, f/p - Jessica
Aim: Jessica, wielding a +0 club and wearing a +0 robe The magic dart hits Jessica.
Jessica is lightly wounded.
Jessica points at you and mumbles some strange words.
You barely resist.
Jessica looks very angry.
Jessica gestures at you while chanting. Pain shoots through your body!
Ouch! That really hurt!
You die...

#### ########## ...## #........#
....########.######.#
.^........##.## #.#
......###.##..#####.#######
.....).##.##...#..........#
.......##.#......#.#.#.##.#
.<...#.##.##...#.......##.#
....##......@...@..#.#.##.#
..........###.####.....##.#
#.######### #.# #####.##.## ##
#.# ##'## #.....# #. ..#####
##...## ###...# #. .≈≈≈≈§#
##....@########...# #. '####≈#
##................## #.
.≈≈§#####.........####....######.
...§⌠#..'.........+........)..>..


You could see Jessica.

Vanquished Creatures
  An adder (D:2)
  A leopard gecko (D:1)
  A ball python (D:2)
  4 bats (D:2)
  3 giant cockroaches (D:1)
  4 goblins
  4 hobgoblins
  5 kobolds
  2 frilled lizards
  4 rats
29 creatures vanquished.

Notes
Turn   | Place    | Note
-------+----------+-------------------------------------------
     0 | D:1      | dhn the Felid Wizard began the quest for the Orb.
     0 | D:1      | Reached XP level 1. HP: 7/7 MP: 5/5
   494 | D:1      | Reached XP level 2. HP: 7/11 MP: 0/7
  1748 | D:2      | Reached skill level 1 in Conjurations
  1748 | D:2      | Reached XP level 3. HP: 12/14 MP: 2/9
  2346 | D:2      | Noticed Jessica
  2579 | D:2      | Found a burning altar of Makhleb.
  2891 | D:2      | Killed from afar by Jessica

Skill      XL: |  1  2 |
---------------+-------+-----
Stealth        | 3 |  3.3
Dodging        | 3 |  3.4
Conjurations   | 1 |  1.0
Unarmed Combat | |  0.1
Spellcasting   | |  3.6
Summonings     | |  1.0
Translocations | |  1.5

Action                   || total
-------------------------++-------
Melee: Unarmed           ||    31
       Bite              ||     4
 Cast: Magic Dart        ||    86
 Stab: Sleeping          ||     2
  Eat: Chunk             ||     4
Armor: Skin              ||     1
Dodge: Dodged            ||    49
